 Dungeon Crawl Stone Soup version 0.29-a0-721-g7f417c9bbb (webtiles) character file.

Game seed: 4993660929290001753

3924 crusatyr the Sage (level 10, -2/70 HPs)
             Began as a Demonspawn Monk on June 27, 2022.
             Was a High Priest of Sif Muna.
             Killed from afar by an electric eel (12 damage)
             ... with a bolt of electricity
             ... on level 8 of the Dungeon on June 28, 2022.
             The game lasted 00:17:13 (8617 turns).

crusatyr the Sage (Demonspawn Monk)                 Turns: 8617, Time: 00:17:14

Health: -2/70      AC: 14    Str: 12    XL:     10   Next: 1%
Magic:  18/18      EV: 13    Int: 15    God:    Sif Muna [*****.]
Gold:   382        SH:  0    Dex: 16    Spells: 10/20 levels left

rFire   . . .      SeeInvis .   A - +1 whip (elec)
rCold   . . .      Faith    .   n - orb {light}
rNeg    . . .      Spirit   .   b - +0 robe
rPois   .          Reflect  .   o - +2 helmet
rElec   .          Harm     .   (no cloak)
rCorr   +          Rampage  .   (no gloves)
Will    +....                   G - +0 pair of boots
Stlth   +.........              D - amulet of magic regeneration
HPRegen 0.21/turn               k - +4 ring of protection
MPRegen 0.56/turn               B - ring of willpower

@: glowing
A: yellow scales 3, spiny 2, weakness stinger 1
a: Renounce Religion, Channel Magic, Forget Spell, Divine Exegesis


You were on level 8 of the Dungeon.
You worshipped Sif Muna.
Sif Muna was extremely pleased with you.
You visited 1 branch of the dungeon, and saw 8 of its levels.

You collected 382 gold pieces.

Inventory:

Hand Weapons
 A - a +1 whip of electrocution (weapon)
Armour
 b - a +0 robe (worn)
 n - an orb of light (worn)
 o - a +2 helmet (worn)
 C - a +0 buckler
 G - a +0 pair of boots (worn)
Magical Staves
 v - a staff of fire
Jewellery
 k - a +4 ring of protection (left hand)
 y - a ring of ice
 B - a ring of willpower (right hand)
 D - an amulet of magic regeneration (around neck)
 I - a +6 ring of dexterity
Wands
 t - a wand of light (8)
 E - a wand of paralysis (12)
 K - a wand of mindburst (4)
Scrolls
 a - 2 scrolls of poison {unknown}
 d - 4 scrolls of teleportation {unknown}
 e - 2 scrolls of amnesia {unknown}
 j - a scroll of fog {unknown}
 m - a scroll of magic mapping {unknown}
 p - 2 scrolls of enchant weapon {unknown}
 s - a scroll of summoning {unknown}
 w - 5 scrolls of identify {unknown}
 z - 2 scrolls of immolation {unknown}
 F - a scroll of brand weapon {unknown}
 H - a scroll of vulnerability {unknown}
Potions
 c - 2 potions of ambrosia
 f - 2 potions of degeneration {unknown}
 g - 3 potions of brilliance {unknown}
 h - 3 potions of attraction {unknown}
 i - a potion of berserk rage {unknown}
 l - a potion of cancellation {unknown}
 r - 3 potions of haste {unknown}
 u - 2 potions of curing {unknown}
 J - a potion of invisibility {unknown}


   Skills:
 - Level 3.0 Fighting
 - Level 4.2(6.8) Axes
 * Level 8.2(8.7) Maces & Flails
 - Level 2.6 Dodging
 - Level 1.7 Stealth
 + Level 5.7 Spellcasting
 + Level 5.4 Conjurations
 + Level 8.2 Invocations


You had 10 spell levels left.
You knew the following spells:

 Your Spells              Type           Power      Damage    Failure   Level
a - Starburst             Conj/Fire      6%         6d4       100%        6
b - Foxfire               Conj/Fire      48%        2x1d6     4%          1
c - Conjure Flame         Conj/Fire      12%        6-21      16%         3

Your spell library contained the following spells:

 Spells                   Type           Power      Damage    Failure   Level
 Static Discharge         Conj/Air       12%        N/A       8%          2
 Dazzling Flash           Conj/Hex       24%        N/A       16%         3
 Mephitic Cloud           Conj/Pois/Air  9%         N/A       22%         3
 Inner Flame              Hex/Fire       4%         N/A       41%         3
 Lesser Beckoning         Tloc           4%         N/A       41%         3
 Teleport Other           Tloc           4%         N/A       41%         3
 Flame Wave               Conj/Fire      12%        2d6       45%         4
 Hailstorm                Conj/Ice       12%        3d5       45%         4
 Iskenderun's Mystic Bla  Conj/Tloc      12%        2d5       45%         4
 Ice Form                 Ice/Tmut       4%         N/A       83%         4
 Summon Forest            Summ/Tloc      2%         N/A       99%         5
 Simulacrum               Ice/Necr       2%         N/A       100%        6
 Orb of Destruction       Conj           10%        9d6       100%        7


Dungeon Overview and Level Annotations

Branches:
Dungeon (8/15)             Temple (0/1) D:7            Lair (0/6) D:8

Altars:
Cheibriados
Dithmenos
Hepliaklqana
Qazlal
Ru
Sif Muna

Shops:
D:6 *


Innate Abilities, Weirdness & Mutations

You are completely covered in yellow scales. (AC +4, rCorr)
You are mostly covered in sharp spines.
You have a small tail.


Message History

Sif Muna accepts your kill.
You have reached level 10!
The electric eel shoots out a bolt of lightning at you!
The bolt of electricity hits you!
Found a staircase to the Lair.
The electric eel shoots out a bolt of lightning at you!
The bolt of electricity hits you.
The electric eel shoots out a bolt of lightning at you!
The bolt of electricity hits you!
Found a blackened ruby amulet.
You closely miss the electric eel. You hit the electric eel.
The electric eel is moderately wounded.
An electric eel comes into view.
The electric eel shoots out a bolt of lightning at you!
The bolt of electricity hits you!
You hit the electric eel.
The electric eel is heavily wounded.
The electric eel shoots out a bolt of lightning at you!
The bolt of electricity hits you!
* * * LOW HITPOINT WARNING * * *
Casting: Foxfire (safe; 4% risk of failure)
Press: ? - help, Q - select action, (/) - cycle Dir - look around, f - activate You conjure some foxfire!
The electric eel shoots out a bolt of lightning at you!
The bolt of electricity hits you!
* * * LOW HITPOINT WARNING * * *
The foxfire hits the electric eel.
The electric eel is heavily wounded.
The foxfire hits the electric eel.
The electric eel is almost dead.
The electric eel is engulfed in a cloud of scalding steam.
You kill the electric eel!
Sif Muna accepts your kill.
Casting: Foxfire (safe; 4% risk of failure)
Press: ? - help, Q - select action, (/) - cycle Dir - look around, f - activate You conjure some foxfire!
The electric eel shoots out a bolt of lightning at you!
The bolt of electricity hits you!
You die...

"...≈≈≈.≈≈...# ..>..≈≈≈≈....#
≈≈≈≈≈......≈≈≈≈≈.≈..#
≈≈≈≈≈≈≈≈≈≈≈.≈≈≈≈....#
≈§≈≈.≈≈≈≈≈≈≈≈≈≈≈....##
..≈.≈≈≈≈≈S≈v§§§≈.....# #
≈≈..≈≈≈≈≈≈v≈≈≈.§≈..# .###
.≈.≈T.≈≈≈≈≈§≈.≈...†# ..#
.......≈≈≈≈≈§§§.@..######.# #
#..................#>##
.#####†>............###....#
...#............###...##...######
.....##÷####...######.####)))).#.
#...###.# #..####....#######.)..
.....##T# #..###.......# ###..
........####..#....##...## ##.
................####.....## #.


You could see an electric eel (ally target).

Vanquished Creatures
  2 water moccasins
  A sky beast (D:7)
  An ice beast (D:6)
  4 black bears
  2 wolves (D:8)
  4 centaurs
  6 bullfrogs
  2 gnoll sergeants
  3 scorpions
  15 wights
  A howler monkey (D:6)
  2 electric eels (D:8)
  2 jellies
  3 orc priests
  6 hounds
  9 iguanas
  Terence (D:3)
  3 orc wizards
  Natasha (thrice) (D:3)
  Robin (D:4)
  14 gnolls
  8 adders
  4 shadow imps
  3 white imps
  An ufetubus (D:5)
  A worm (D:4)
  3 dart slugs
  16 orcs
  9 ball pythons
  4 endoplasms
  2 giant cockroaches
  12 hobgoblins
  3 jackals (D:1)
  5 quokkas
  A bat (D:1)
  2 frilled lizards
  15 goblins
  6 kobolds
  2 rats (D:1)
182 creatures vanquished.

Vanquished Creatures (others)
  59 foxfires
59 creatures vanquished.

Grand Total: 241 creatures vanquished

Notes
Turn   | Place    | Note
-------+----------+-------------------------------------------
     0 | D:1      | crusatyr the Demonspawn Monk began the quest for the Orb.
     0 | D:1      | Reached XP level 1. HP: 18/18 MP: 1/1
   400 | D:1      | Gained mutation: You are partially covered in yellow
                  | scales. (AC +2) [demonic ancestry]
   400 | D:1      | Reached XP level 2. HP: 12/24 MP: 2/2
   918 | D:1      | Found a faded altar of an unknown god.
   927 | D:1      | Prayed at the altar of an unknown god.
   927 | D:1      | Became a worshipper of Sif Muna the Loreminder
   927 | D:1      | Reached * piety under Sif Muna
   927 | D:1      | Reached ** piety under Sif Muna
  1398 | D:1      | Reached *** piety under Sif Muna
  1521 | D:2      | Gained mutation: You are partially covered in sharp spines.
                  | [demonic ancestry]
  1521 | D:2      | Reached XP level 3. HP: 28/29 MP: 3/3
  2534 | D:3      | Noticed Natasha
  2542 | D:3      | Killed Natasha
  2543 | D:3      | Gained mutation: You are mostly covered in yellow scales.
                  | (AC +3) [demonic ancestry]
  2543 | D:3      | Reached XP level 4. HP: 27/35 MP: 4/4
  2689 | D:3      | Noticed Natasha
  2697 | D:3      | Killed Natasha
  2698 | D:3      | Reached skill level 1 in Maces & Flails
  2698 | D:3      | Reached skill level 1 in Invocations
  2898 | D:3      | Noticed Terence
  2930 | D:3      | Killed Terence
  2931 | D:3      | Reached skill level 1 in Spellcasting
  3239 | D:3      | Noticed Natasha
  3246 | D:3      | Killed Natasha
  3247 | D:3      | Reached XP level 5. HP: 40/41 MP: 6/6
  3956 | D:4      | Noticed Robin
  3991 | D:4      | Killed Robin
  3992 | D:4      | Gained mutation: You have a small tail. [demonic ancestry]
  3992 | D:4      | Reached XP level 6. HP: 35/47 MP: 8/8
  4132 | D:4      | Reached **** piety under Sif Muna
  4724 | D:4      | Learned a level 6 spell: Starburst
  4794 | D:4      | Gained mutation: You are completely covered in yellow
                  | scales. (AC +4, rCorr) [demonic ancestry]
  4794 | D:4      | Reached XP level 7. HP: 52/52 MP: 10/10
  4893 | D:5      | Entered Level 5 of the Dungeon
  4923 | D:5      | Reached skill level 1 in Conjurations
  5410 | D:5      | Reached skill level 5 in Maces & Flails
  5410 | D:5      | Reached skill level 5 in Invocations
  5417 | D:5      | Gained mutation: You are mostly covered in sharp spines.
                  | [demonic ancestry]
  5417 | D:5      | Reached XP level 8. HP: 58/58 MP: 13/13
  5620 | D:5      | Learned a level 1 spell: Foxfire
  5771 | D:5      | Learned a level 3 spell: Conjure Flame
  5971 | D:6      | Reached ***** piety under Sif Muna
  6047 | D:6      | Found a stormy altar of Qazlal.
  6337 | D:6      | Received a gift from Sif Muna
  6341 | D:6      | Got Sif Muna's Tome of Dislocation and Confrontation {god
                  | gift}
  6470 | D:6      | Reached XP level 9. HP: 63/63 MP: 15/15
  6524 | D:6      | Found Wosasun's Serpentskin Sales.
  7159 | D:7      | Reached skill level 5 in Spellcasting
  7300 | D:7      | HP: 3/60 [wight/+0 halberd (5)]
  7653 | D:7      | Found a staircase to the Ecumenical Temple.
  7980 | D:8      | Reached skill level 5 in Conjurations
  8181 | D:8      | Found a snail-covered altar of Cheibriados.
  8191 | D:8      | Found a hazy altar of Hepliaklqana.
  8194 | D:8      | Found a sacrificial altar of Ru.
  8197 | D:8      | Found a shadowy altar of Dithmenos.
  8301 | D:8      | Noticed a troll
  8607 | D:8      | Reached XP level 10. HP: 68/70 MP: 18/18
  8608 | D:8      | Found a staircase to the Lair.
  8617 | D:8      | Killed from afar by an electric eel

Illustrated notes

Levels and vault maps discovered:
D:1:      zelgadis_glass_arrival_small, layout_basic,
          dreamdust_ecumenical_altar_angels_and_demons
D:2:      layout_basic, minmay_misc_feat_columns
D:3:      layout_loops_corners, uniq_terence, uniq_natasha
D:4:      minmay_skewed_foursquare, layout_rooms, kennysheep_opposing_triangles,
          uniq_robin
D:5:      layout_cave_pools, minmay_crossroads
D:6:      layout_basic, overflow_temple_1_default, corexii_leaking_fountain,
          guppyfry_shop_venom
D:7:      layout_gridville, lemuel_temple_firewalk_b
D:8:      layout_rooms, grunt_temple_overflow_cloverleaf, erik_lair_island

Skill      XL: |  1  2  3  4  5  6  7  8  9 |
---------------+----------------------------+-----
Axes           | 3 4 |  4.2
Maces & Flails | 2 3 5 6 8 |  8.2
Invocations    | 1 2 3 5 6 8 |  8.2
Spellcasting   | 1 2 3 4 5 |  5.7
Conjurations   | 2 4 5 |  5.4
Fighting       | |  3.0
Dodging        | |  2.6
Stealth        | |  1.7

Action                   |  1- 3 |  4- 6 |  7- 9 | 10-12 || total
-------------------------+-------+-------+-------+-------++-------
Melee: Hand axe          |    85 |       |       |       ||    85
       Whip              |    51 |   171 |   256 |     3 ||   481
       Punch             |     1 |       |       |       ||     1
       Tailslap          |       |     7 |    60 |       ||    67
 Cast: Foxfire           |       |       |    42 |     2 ||    44
       Conjure Flame     |       |       |     1 |       ||     1
Evoke: Wand              |       |       |     1 |       ||     1
  Use: Potion            |       |       |     3 |       ||     3
 Stab: Sleeping          |     4 |       |       |       ||     4
Armor: Robe              |    34 |    40 |   116 |       ||   190
Dodge: Dodged            |    75 |    83 |   169 |       ||   327

Table legend: (Time is in decaauts)
 A = Elapsed time spent in this place.
 B = Non-inter-level travel time spent in this place.
 C = Inter-level travel time spent in this place.
 D = Time resting spent in this place.
 E = Time spent auto-exploring this place.
 F = Levels seen in this place.
 G = Mean time per level.
                   A        B        C        D        E       F      G
               +--------+--------+--------+--------+--------+-----+--------+
         Total |   8560 |   8343 |    217 |    635 |   6205 |   8 | 1070.0 |
       Dungeon |   8560 |   8343 |    217 |    635 |   6205 |   8 | 1070.0 |
               +--------+--------+--------+--------+--------+-----+--------+

Top non-repeatable levels by time:
     D:7: 1527 daAuts
     D:1: 1521 daAuts
     D:3: 1446 daAuts
     D:4: 1216 daAuts
     D:5: 890 daAuts
     D:6: 848 daAuts
     D:2: 716 daAuts
     D:8: 392 daAuts
